 Dungeon Crawl Stone Soup version 0.16-a0-3303-g3c4fcab (webtiles) character file.

144 Fiveotanaka the Ruffian (level 5, -6/44 HPs)
             Began as a Naga Transmuter on Dec 25, 2014.
             Mangled by Fiveotanaka's ghost (10 damage)
             ... on level 3 of the Dungeon.
             The game lasted 00:10:44 (2285 turns).

Fiveotanaka the Ruffian (Naga Transmuter)           Turns: 2285, Time: 00:10:44

Health: -6/44      AC:  2    Str: 13    XL:     5   Next: 26%
Magic:  8/9        EV: 10    Int: 13    God:
Gold:   188        SH:  0    Dex: 12    Spells: 2 memorised, 5 levels left

rFire  . . .     SeeInvis +       - Unarmed
rCold  . . .     Clarity  .     c - +0 robe
rNeg   + . .     SustAb   .     (no shield)
rPois  +         Gourm    .     (no helmet)
rElec  .         Spirit   .     (no cloak)
rCorr  .         Warding  +     (no gloves)
rMut   .         Stasis   .     (no barding)
MR     .....                    g - amulet of warding
Stlth  +.........               (no ring)
                                z - ring of flight

@: very slow, not resistant to hostile enchantments, very unstealthy
A: spit poison, see invisible, deformed body, poison resistance, slowness 2, AC
+1
a: Spit Poison, Evoke Flight


You were on level 3 of the Dungeon.
You were not hungry.

You visited 1 branch of the dungeon, and saw 3 of its levels.

You collected 188 gold pieces.

Inventory:

Hand weapons
 j - a +0 club
Missiles
 b - 12 arrows
 h - 15 poisoned needles
 i - 172 stones (quivered)
 s - 17 poisoned arrows
Armour
 c - a +0 robe (worn)
Jewellery
 g - an amulet of warding (around neck)
 z - a ring of flight (left hand)
Scrolls
 e - 3 scrolls of remove curse {unknown}
 f - 4 scrolls of teleportation {unknown}
 k - a scroll of fog {unknown}
 l - a scroll of blinking {unknown}
 m - 2 scrolls of fear {unknown}
 o - 3 scrolls of recharging {unknown}
 q - 5 scrolls of identify {unknown}
 u - a scroll of noise {unknown}
 y - a scroll of enchant armour {unknown}
Potions
 v - a potion of invisibility {unknown}
 w - a potion of restore abilities
 B - a potion of cancellation {unknown}
Books
 d - a book of Changes

   Spells                             Type                      Level
   a - Beastly Appendage              Transmutation                1
   b - Sticks to Snakes               Transmutation                2
   c - Spider Form                    Transmutation/Poison         3
   d - Ice Form                       Ice/Transmutation            4
   e - Blade Hands                    Transmutation                5
Comestibles
 a - 2 bread rations
 n - a slice of pizza
 r - 2 beef jerkies
 t - a meat ration
 x - 2 fruits
 A - 3 chunks of flesh


   Skills:
 - Level 1.0 Fighting
 - Level 1.5 Dodging
 - Level 5.0 Unarmed Combat
 - Level 2.0 Spellcasting
 + Level 3.4 Transmutations


You had 5 spell levels left.
You knew the following spells:

 Your Spells              Type           Power        Failure   Level  Hunger
a - Beastly Appendage     Trmt           ##....       10%         1    ##.....
b - Sticks to Snakes      Trmt           ##........   12%         2    ###....


Dungeon Overview and Level Annotations

Branches:
Dungeon (3/15)

Altars:
Ru
Zin

Annotations:
D:3 Fiveotanaka's ghost, average DgTm


Innate Abilities, Weirdness & Mutations

You cannot wear boots.
You can spit poison.
Your serpentine skin is tough (AC +1).
You have supernaturally acute eyesight.
Armour fits poorly on your strangely shaped body.
Your system is resistant to poisons.
You cover ground very slowly.


Message History

You hit Fiveotanaka's ghost but do no damage.
Fiveotanaka's ghost is heavily damaged.
You have got your breath back.
Fiveotanaka's ghost hits you.
Use which ability? (? or * to list)
Press: ? - help, Shift-Dir - straight line, f/p - Fiveotanaka's ghost
Aim: Fiveotanaka's ghost (heavily damaged)
The splash of poison misses Fiveotanaka's ghost.
You feel slightly more hungry. Fiveotanaka's ghost hits you.
* * * LOW HITPOINT WARNING * * *
You punch Fiveotanaka's ghost!
Fiveotanaka's ghost is severely damaged.
Fiveotanaka's ghost hits you!
* * * LOW HITPOINT WARNING * * *
Drink which item? (? for menu, Esc to quit)
It was a potion of restore abilities.
You have got your breath back.
Your horns disappear.
Fiveotanaka's ghost hits you!
You die...

#.#.#
#.#.##..#.####.#
.#.# #.#.###.#.#
#.##### #.#
#.#.# #...#
#.....) #.#
#.#.# ##..#
####### #.#
#.#.# #..#
#.#####)#.# #..#
#.....).#.# #..#
#########W# #..#
#@# #..# #.#
#..# #.# ##.#
#.#####.#
#......>#
#########


You could see Fiveotanaka's ghost.

Vanquished Creatures
  5 adders
  3 gnolls (D:2)
  A worm (D:2)
  5 giant cockroaches
  13 goblins
  3 hobgoblins
  7 jackals
  9 kobolds
  8 bats
  3 giant geckos
  5 giant newts
  5 rats
67 creatures vanquished.

Notes
Turn   | Place    | Note
--------------------------------------------------------------
     0 | D:1      | Fiveotanaka, the Naga Transmuter, began the quest for the Orb.
     0 | D:1      | Reached XP level 1. HP: 18/18 MP: 3/3
   222 | D:1      | Reached XP level 2. HP: 25/25 MP: 4/4
   779 | D:2      | Reached skill level 4 in Unarmed Combat
   779 | D:2      | Reached XP level 3. HP: 31/31 MP: 4/6
   786 | D:2      | Found a glowing silver altar of Zin.
   841 | D:2      | Reached XP level 4. HP: 24/38 MP: 4/7
  1149 | D:2      | Reached skill level 5 in Unarmed Combat
  1160 | D:2      | Learned a level 2 spell: Sticks to Snakes
  1311 | D:2      | Found a sacrificial altar of Ru.
  1766 | D:3      | Reached XP level 5. HP: 44/44 MP: 9/9
  2247 | D:3      | Noticed Fiveotanaka's ghost (average DgTm)
  2285 | D:3      | Mangled by Fiveotanaka's ghost

Action                   |  1- 3 |  4- 6 || total
-------------------------+-------+-------++-------
Melee: Unarmed           |    35 |   126 ||   161
 Cast: Beastly Appendage |    10 |    14 ||    24
       Sticks to Snakes  |       |     1 ||     1
 Abil: Spit Poison       |    21 |    34 ||    55
  Use: Potion            |     1 |     2 ||     3
 Stab: Paralysed         |       |     1 ||     1
  Eat: Chunk             |     1 |     7 ||     8
